 Dungeon Crawl Stone Soup version 0.31-a0-1370-gf52a5a9ab3 (webtiles) character file.

Game seed: 4739988779492982401

32761 Dordric the Metamorph (level 13, -12/104 HPs)
             Began as a Troll Shapeshifter on Dec 23, 2023.
             Was a Priest of Trog.
             Mangled by a vault guard
             ... wielding a +3 great sword
              (16 damage)
             ... on level 14 of the Dungeon.
             The game lasted 00:20:06 (13166 turns).

Dordric the Metamorph (Troll Shapeshifter)         Turns: 13166, Time: 00:20:06

Health: -12/104    AC:  6    Str: 39    XL:     13   Next: 33%
Magic:  12/12      EV: 10    Int:  6    God:    Trog [***...]
Gold:   212        SH:  0    Dex: 15    Spells: 12/12 levels left

rFire   . .          .
                       - Unarmed
rCold   . . .        (shield currently unavailable)
rNeg    . . .        H - +0 troll leather armour
rPois   +            j - +1 hat
rElec   .            (no cloak)
rCorr   .            (gloves unavailable)
SInv    .            (boots unavailable)
Will    +++++        n - amulet of the acrobat Stlth
                     w - ring "Beixieme" {rPois Will+++ Str+4 Dex+6 Stlth-}
HPRegen 2.97/turn    x - +6 ring of strength
MPRegen 0.13/turn

%: acrobat
@: about to teleport, blade hands, strong-willed (expiring), on berserk
cooldown, regenerating (expiring), slowed, very slow
A: large, unfitting armour, (claws 3), regeneration 1, shaggy fur 1, tough skin
1
a: Begin Untransformation, Renounce Religion, Berserk, Trog's Hand


You were on level 14 of the Dungeon.
You worshipped Trog.
Trog was most pleased with you.
You had blades for hands.
You visited 2 branches of the dungeon, and saw 15 of its levels.
You also visited: Sewer.

You collected 1172 gold pieces.
You spent 960 gold pieces at shops.

Inventory:

Armour
 a - a +0 animal skin
 j - a +1 hat (worn)
 F - +0 steam dragon scales
 H - a +0 troll leather armour (worn)
Jewellery
 n - an amulet of the acrobat (around neck)
 w - the ring "Beixieme" (left blade hand) {rPois Will+++ Str+4 Dex+6 Stlth-}
   (You found it on level 5 of the Dungeon)

   [ring of dexterity]

   Str+4:     It affects your strength (+4).
   Dex+6:     It affects your dexterity (+6).
   rPois:     It protects you from poison Will+++: It greatly increases your
   willpower.
   Stlth-:    It makes you less stealthy.
 x - a +6 ring of strength (right blade hand)
 y - a ring of ice
 I - a ring of positive energy
 O - a +6 ring of dexterity
 S - an amulet of guardian spirit
Talismans
 c - a beast talisman
 d - a flux talisman
 i - a serpent talisman
 N - a storm talisman
 R - a blade talisman (active)
Wands
 s - a wand of digging (6)
 u - a wand of flame (32)
 C - a wand of iceblast (7)
 D - a wand of mindburst (25)
 Q - a wand of charming (5)
Scrolls
 f - 4 scrolls of teleportation
 h - 8 scrolls of fog
 m - 2 scrolls of revelation
 r - 3 scrolls of enchant armour {g}
 t - 3 scrolls of vulnerability
 B - 3 scrolls of immolation
 G - 2 scrolls of butterflies
 J - a scroll of silence
 K - 2 scrolls of blinking
 M - a scroll of amnesia
Potions
 b - 4 potions of lignification
 e - 4 potions of attraction
 g - 5 potions of heal wounds
 k - 2 potions of haste
 l - a potion of might
 o - a potion of invisibility
 p - 2 potions of magic
 q - 2 potions of cancellation
 v - 7 potions of curing
 z - a potion of degeneration
 A - a potion of ambrosia {unknown}
 E - 2 potions of mutation {unknown}
 L - 2 potions of enlightenment
 P - a potion of berserk rage {unknown}


   Skills:
 - Level 0.7 Fighting
 - Level 1.5 Dodging
 - Level 3.0 Unarmed Combat
 + Level 20.2 Shapeshifting


You had 12 spell levels left.
You didn't know any spells.
Your spell library contained the following spells:

 Spells                   Type           Power      Damage    Failure   Level
 Magic Dart               Conj           0%         1d3       47%         1
 Blink                    Tloc           0%         N/A       63%         2
 Call Imp                 Summ           0%         N/A       63%         2
 Dazzling Flash           Conj/Hex       0%         N/A       85%         3
 Volatile Blastmotes      Fire/Tloc      0%         2d10      85%         3
 Starburst                Conj/Fire      0%         6d3       100%        6
 Maxwell's Capacitive Co  Air            0%         ∞         100%        8


Dungeon Overview and Level Annotations

Branches:
Dungeon (14/15)            Temple (1/1) D:4            Lair (0/5) D:8
    Orc (0/2) D:11          Sewer (visited)
 Vaults: D:13-14

Altars:
Ashenzari
Cheibriados
Dithmenos
Elyvilon
Fedhas
Gozag
Hepliaklqana
Kikubaaqudgha
Makhleb
Nemelex Xobeh
Okawaru
Qazlal
Ru
Sif Muna
Trog
Uskayaw
Vehumet
Wu Jian
Xom
Yredelemnul
Zin
The Shining One

Shops:
D:1 :   D:2 =   D:3 (   D:10 :

Annotations:
D:1 1 transporter
D:13 3 runed translucent doors, Mexzoddasi's ghost, journeyman MiBe


Innate Abilities, Weirdness & Mutations

You have blades for hands.
You are incapable of wielding weapons or throwing items.
You are too large for most types of armour.
((You have claws for hands.))
Your natural rate of healing is unusually fast.
You are covered in fur. (AC +1)
You have tough skin. (AC +1)


Message History

The vault guard hits you with a +3 long sword!
You are too injured to fight recklessly!
You are too injured to fight recklessly!
You are too injured to fight recklessly!
You are too injured to fight recklessly!
You are too injured to fight recklessly!
You are too injured to fight recklessly!
You are too injured to fight recklessly!
You are too injured to fight recklessly!
You are too injured to fight recklessly!
You are too injured to fight recklessly!
You are too injured to fight recklessly!
You are too injured to fight recklessly!
You are too injured to fight recklessly!
You are too injured to fight recklessly!
You are too injured to fight recklessly!
You are too injured to fight recklessly!
The vault guard blocks your attack.
The vault guard is heavily wounded.
The vault guard blocks your attack.
The vault guard is heavily wounded.
The vault guard hits you with a +3 great sword!
The vault guard hits you with a +3 long sword!
You slice the vault guard!!
The vault guard is almost dead.
The vault guard hits you with a +3 great sword!!
* * * LOW HITPOINT WARNING * * *
The vault guard hits you with a +3 long sword!
* * * LOW HITPOINT WARNING * * *
You feel a strong urge to attack something.
You are no longer berserk.
You are exhausted.
You feel yourself slow down.
You feel the effects of Trog's Hand fading.
As you read the scroll of teleportation, it crumbles to dust.
You feel strangely unstable.
The vault guard hits you with a +3 long sword!!
* * * LOW HITPOINT WARNING * * *
The vault guard hits you with a +3 great sword!
You die...

'...+ #'''## #pp..#
##.#.# #pp.# ###p#####
########### #..)p...#
####.:........
#....pp.###..'.......^..
#.....p@##..##..........
#.......#..###........<.
#.......'.## #..........
#.......### #..........
#.......# #..........
#.......# #..........
+...[...# #>.........
#.......# #..........
######+## #########'#


You could see 5 vault guards and a human.

Vanquished Creatures
  Jorgrun (D:13)
  Snorg (D:12)
  2 hydras
  A vault guard (D:14)
  Fannar (D:11)
  A centaur warrior (D:9)
  4 boulder beetles
  2 two-headed ogres
  A tengu warrior (D:14)
  A deep elf pyromancer (D:13)
  4 cyclopes
  An elephant (D:8)
  2 unseen horrors
  A komodo dragon (D:12)
  A tengu conjurer (D:13)
  A kobold demonologist (D:9)
  5 trolls
  A meliai (shapeshifter) (D:13)
  Grinder (D:5)
  A hornet (D:9)
  3 shadows
  A slime creature (D:9)
  2 vampires
  5 wraiths
  2 steam dragons
  A basilisk (D:8)
  13 yaks
  A vampire mosquito (D:9)
  Duvessa (D:4)
  2 orc warriors
  2 ice beasts
  2 sky beasts (D:8)
  A black bear (D:8)
  4 ogres
  3 centaurs
  3 kobold brigands
  2 brain worms (Sewer)
  6 bullfrogs
  3 gnoll sergeants
  4 scorpions
  21 wights
  Dowan (D:4)
  7 killer bees
  3 howler monkeys (D:10)
  A jelly (D:7)
  6 orc priests
  A hound (D:5)
  A sleepcap (D:8)
  A gnoll bouda (D:8)
  An iguana (D:5)
  Ijyb (D:3)
  Natasha (D:3)
  10 orc wizards
  Robin (D:4)
  18 gnolls
  A river rat (Sewer)
  16 adders
  14 white imps
  3 bombardier beetles
  A worm (D:3)
  2 dart slugs
  32 orcs
  7 ball pythons
  12 endoplasms
  6 giant cockroaches
  20 goblins
  5 hobgoblins
  2 jackals (D:4)
  A quokka (D:1)
  5 bats
  3 frilled lizards
  8 kobolds
  11 rats
317 creatures vanquished.

Vanquished Creatures (others)
  An endoplasm (D:4)
  A quokka (D:4)
2 creatures vanquished.

Grand Total: 319 creatures vanquished

Notes
Turn   | Place    | Note
-------+----------+-------------------------------------------
     0 | D:1      | Dordric the Troll Shapeshifter began the quest for the Orb.
     0 | D:1      | Reached XP level 1. HP: 18/18 MP: 0/0
   151 | D:1      | Found Caudugia's Book Emporium.
   173 | D:1      | Reached XP level 2. HP: 20/26 MP: 1/1
   706 | D:2      | Reached skill level 4 in Shapeshifting
   726 | D:2      | Reached XP level 3. HP: 32/32 MP: 2/2
   729 | D:2      | Found Oqoapo's Jewellery Boutique.
  1135 | D:3      | Found a glowing drain.
  1163 | Sewer    | Entered a sewer
  1204 | Sewer    | Reached XP level 4. HP: 40/40 MP: 3/3
  1255 | Sewer    | Reached skill level 5 in Shapeshifting
  1331 | Sewer    | Noticed a brain worm
  1340 | Sewer    | Killed a brain worm
  1341 | Sewer    | Reached XP level 5. HP: 46/46 MP: 2/4
  1455 | Sewer    | Reached skill level 6 in Shapeshifting
  1685 | D:3      | You fall into a shaft and drop 1 floor!
  1781 | D:3      | Found Meli's Antique Weapon Shop.
  1783 | D:3      | Noticed Ijyb
  1792 | D:3      | Killed Ijyb
  1793 | D:3      | Reached XP level 6. HP: 29/54 MP: 5/5
  1916 | D:3      | Found an ornate altar of the Wu Jian Council.
  1936 | D:3      | Noticed Natasha
  1941 | D:3      | Killed Natasha
  2017 | D:3      | Found a shimmering blue altar of Sif Muna.
  2280 | D:3      | Reached skill level 7 in Shapeshifting
  2603 | D:4      | Noticed Robin
  2607 | D:4      | Found a white marble altar of Elyvilon.
  2611 | D:4      | Killed Robin
  2689 | D:4      | Reached XP level 7. HP: 51/61 MP: 6/6
  2698 | D:4      | Noticed Dowan
  2698 | D:4      | Noticed Duvessa
  2735 | D:4      | Killed Duvessa
  2748 | D:4      | Killed Dowan
  2749 | D:4      | Reached skill level 8 in Shapeshifting
  2888 | D:4      | Found a staircase to the Ecumenical Temple.
  2924 | Temple   | Entered the Ecumenical Temple
  2963 | Temple   | Became a worshipper of Trog the Wrathful
  3203 | D:5      | Entered Level 5 of the Dungeon
  3226 | D:5      | Identified the ring "Beixieme" {rPois Will+++ Str+4 Dex+6
                  | Stlth-}
  3298 | D:5      | Noticed a steam dragon
  3412 | D:5      | Noticed Grinder
  3430 | D:5      | Killed Grinder
  3431 | D:5      | Reached skill level 9 in Shapeshifting
  3431 | D:5      | Reached XP level 8. HP: 53/68 MP: 7/7
  3566 | D:5      | Found a sacrificial altar of Ru.
  3780 | D:6      | Reached skill level 10 in Shapeshifting
  3949 | D:6      | Reached * piety under Trog
  4038 | D:6      | Reached skill level 11 in Shapeshifting
  4091 | D:6      | Found a radiant altar of Vehumet.
  4741 | D:7      | Reached XP level 9. HP: 74/75 MP: 8/8
  4978 | D:6      | Reached ** piety under Trog
  4994 | D:7      | Reached skill level 12 in Shapeshifting
  5181 | D:7      | Found a hide-covered altar of Uskayaw.
  5563 | D:8      | Found a staircase to the Lair.
  5584 | D:8      | Reached skill level 13 in Shapeshifting
  5585 | D:8      | Noticed an elephant
  5598 | D:8      | Killed an elephant
  5695 | D:8      | Reached XP level 10. HP: 83/83 MP: 9/9
  5893 | D:8      | Reached *** piety under Trog
  6408 | D:9      | Found a snail-covered altar of Cheibriados.
  6526 | D:9      | Reached skill level 14 in Shapeshifting
  6769 | D:9      | Found a burning altar of Makhleb.
  7053 | D:9      | Reached skill level 15 in Shapeshifting
  7144 | D:9      | Noticed a centaur warrior
  7152 | D:9      | Killed a centaur warrior
  7244 | D:9      | Noticed a cyclops
  7244 | D:9      | Noticed a cyclops
  7244 | D:9      | Noticed a four-headed hydra
  7254 | D:9      | Killed a four-headed hydra
  7255 | D:9      | Reached XP level 11. HP: 89/89 MP: 10/10
  7265 | D:9      | Reached skill level 16 in Shapeshifting
  7519 | D:9      | Found a blossoming altar of Fedhas.
  7520 | D:9      | Found a hazy altar of Hepliaklqana.
  7731 | D:10     | Entered Level 10 of the Dungeon
  7771 | D:10     | Found a sparkling altar of Nemelex Xobeh.
  7772 | D:10     | Found an opulent altar of Gozag.
  8018 | D:10     | Found Neexala's Book Emporium.
  8584 | D:10     | Identified the +4 shortbow of the Fortune-Teller {flame,
                  | rCorr MP-9 Dex+4}
  8661 | D:10     | Reached skill level 18 in Shapeshifting
  8661 | D:10     | Reached XP level 12. HP: 97/97 MP: 11/11
  8803 | D:11     | Noticed a two-headed ogre
  8804 | D:11     | Noticed a boulder beetle
  8808 | D:11     | Killed a two-headed ogre
  8819 | D:11     | Killed a boulder beetle
  8867 | D:11     | Found a gate leading to a gauntlet.
  8887 | D:11     | Noticed Fannar
  8903 | D:11     | Killed Fannar
  8952 | D:11     | Found a staircase to the Orcish Mines.
  9634 | D:12     | Noticed a boulder beetle
  9648 | D:12     | Killed a boulder beetle
  9768 | D:12     | Found a frozen archway.
  9899 | D:12     | Reached skill level 19 in Shapeshifting
 10042 | D:12     | Noticed Snorg
 10051 | D:12     | Killed Snorg
 10434 | D:12     | Noticed a two-headed ogre
 10443 | D:12     | Killed a two-headed ogre
 10460 | D:12     | Reached XP level 13. HP: 91/104 MP: 12/12
 10907 | D:13     | Noticed Jorgrun
 10946 | D:13     | Killed Jorgrun
 11557 | D:13     | Found a runed translucent gate.
 11558 | D:13     | Found a runed translucent gate.
 11559 | D:13     | Found a runed translucent gate.
 11561 | D:13     | Noticed Mexzoddasi's ghost (journeyman MiBe)
 11658 | D:13     | Found a hazy altar of Hepliaklqana.
 12454 | D:2      | Bought a storm talisman for 960 gold pieces
 12782 | D:14     | Reached skill level 20 in Shapeshifting
 13166 | D:14     | HP: 4/104 [vault guard/+3 long sword (21)]
 13166 | D:14     | Mangled by a vault guard

Illustrated notes

Levels and vault maps discovered:
D:1:      spicycebolla_arrival_risky_transporter, layout_loops_cross,
          serial_forest, infiniplex_forest_lined_2, infiniplex_forest_side_room,
          infiniplex_forest_clump_long, infiniplex_forest_zigzag_1,
          infiniplex_forest_straight_2, infiniplex_forest_clump_curved,
          infiniplex_forest_corner_1, infiniplex_forest_end_1, serial_shops,
          shop, wad_floor_pattern_2
D:2:      layout_rooms, serial_shops, nicolae_shop_peninsula
D:3:      minmay_spotlight, layout_loops_ring,
          mainiacjoe_overflow_surrounded_room, kennysheep_orc_sif_temple,
          serial_shops, shop, cheibrodos_sewer_entry_bend, uniq_ijyb,
          uniq_natasha
D:4:      cheibrodos_helix_gallery, layout_rooms, elyvilon_altar_4,
          minmay_temple_entry_crystal_x, minmay_unequal, uniq_robin,
          uniq_duvessa
D:5:      layout_gridville, nicolae_ru_sacrificial_ziggurat, uniq_grinder
D:6:      minmay_diamond_boxcup, layout_basic, nicolae_vehumet_altar_sigil
D:7:      layout_basic, kennysheep_mini
D:8:      layout_basic, david_lair_generic, serial_park_tiny_2,
          grunt_ministairs_13
D:9:      layout_long_grid, mainiacjoe_overflow_divided_tiny,
          mainiacjoe_overflow_small_starburst, overflow_temple_1_default,
          minmay_shattered_shrine
D:10:     layout_loops_corners, grunt_temple_overflow_opulence, serial_shops,
          shop, minivault_10
D:11:     layout_basic, kennysheep_orc_monster_closet_entryway,
          gauntlet_entry_generic, uniq_fannar
D:12:     layout_layer_cave, portal_ice_cave_entry_imps, uniq_snorg
D:13:     layout_grid_maze, gammafunk_ghost_necromancy,
          worldfamousw_hep_ancestral_shrine, uniq_jorgrun
D:14:     layout_roguey, ximxim_vaults_locker_room, minivault_27
Temple:   jpeg_temple_alley_garden

Skill      XL: |  1  2  3  4  5  6  7  8  9 10 11 12 13 |
---------------+----------------------------------------+-----
Shapeshifting  | 4 5 6 7 9 11 13 15 18 19 20 | 20.2
Fighting       | |  0.7
Dodging        | |  1.5
Unarmed Combat | |  3.0

Action                     |  1- 3 |  4- 6 |  7- 9 | 10-12 | 13-15 || total
---------------------------+-------+-------+-------+-------+-------++-------
  Melee: Unarmed           |    56 |   136 |   261 |   362 |   104 ||   919
         Punch             |     1 |       |       |       |       ||     1
         Constrict         |       |     8 |    53 |    70 |     9 ||   140
 Invoke: Berserk           |       |       |       |    11 |     3 ||    14
         Trog's Hand       |       |       |       |     8 |     2 ||    10
  Evoke: Wand              |       |       |     1 |       |       ||     1
    Use: Scroll            |       |     5 |     2 |    11 |     6 ||    24
         Potion            |       |       |     1 |     1 |       ||     2
   Stab: Sleeping          |     1 |       |       |       |       ||     1
 Armour: Animal skin       |    28 |    60 |       |       |       ||    88
         Skin              |       |    40 |   223 |   387 |    73 ||   723
         Troll leather arm |       |       |       |       |    13 ||    13
  Dodge: Dodged            |    21 |    54 |   131 |   223 |    70 ||   499
   Form: Serpent           |       |     1 |       |     1 |     1 ||     3
         Flux              |       |     1 |       |     1 |       ||     2
         Blade             |       |       |       |       |     3 ||     3
         Storm             |       |       |       |       |     1 ||     1

Table legend: (Time is in decaauts)
 A = Elapsed time spent in this place.
 B = Non-inter-level travel time spent in this place.
 C = Inter-level travel time spent in this place.
 D = Time resting spent in this place.
 E = Time spent auto-exploring this place.
 F = Levels seen in this place.
 G = Mean time per level.
                   A        B        C        D        E       F      G
               +--------+--------+--------+--------+--------+-----+--------+
         Total |  13300 |  12483 |    817 |   1211 |   8847 |  16 |  831.2 |
       Dungeon |  12750 |  11970 |    780 |   1101 |   8617 |  14 |  910.7 |
        Temple |     76 |     39 |     37 |      0 |      0 |   1 |   76.0 |
         Sewer |    473 |    473 |      0 |    110 |    230 |   1 |  473.0 |
               +--------+--------+--------+--------+--------+-----+--------+

Top non-repeatable levels by time:
    D:12: 1906 daAuts
     D:9: 1383 daAuts
    D:13: 1309 daAuts
     D:8: 1029 daAuts
     D:3: 1020 daAuts
    D:10: 1000 daAuts
     D:6: 986 daAuts
    D:11: 896 daAuts
     D:7: 786 daAuts
     D:1: 701 daAuts
     D:4: 668 daAuts
     D:5: 535 daAuts
   Sewer: 473 daAuts
     D:2: 414 daAuts
    D:14: 110 daAuts
